 Dungeon Crawl Stone Soup version 0.18-a0-224-g739e436 (webtiles) character file.

396 Eldritch the Poker (level 6, 0/76 HPs)
             Began as a Hill Orc Gladiator on Nov 24, 2015.
             Was an Initiate of Makhleb.
             Slain by an orc priest
             ... wielding a +0 mace
              (2 damage)
             ... on level 4 of the Dungeon.
             The game lasted 00:06:05 (4611 turns).

Eldritch the Poker (Hill Orc Gladiator)             Turns: 4611, Time: 00:06:05

Health: 0/76       AC: 23    Str: 25      XL:     6   Next: 82%
Magic:  6/6        EV:  2    Int: 11 (13) God:    Makhleb [......]
Gold:   164        SH:  0    Dex: 11      Spells: 0 memorised, 5 levels left

rFire  . . .     SeeInvis .     a - +0 trident
rCold  . . .     Clarity  .     (armour currently unavailable)
rNeg   + + +     SustAt   .     (no shield)
rPois  +         Gourm    .     (helmet currently unavailable)
rElec  .         Spirit   .     (cloak currently unavailable)
rCorr  .         Warding  .     (gloves currently unavailable)
rMut   .         NoTele   +     (boots currently unavailable)
MR     .....                    (no amulet)
Stlth  +.........               (no ring)
                                (no ring)

@: mighty, brilliant, tree-form, not resistant to hostile enchantments, very
unstealthy
A: no striking features
a: Renounce Religion, Convert to Beogh


You were on level 4 of the Dungeon.
You worshipped Makhleb.
Makhleb was noncommittal.
You were not hungry.
You were a tree.
You visited 2 branches of the dungeon, and saw 5 of its levels.

You collected 164 gold pieces.

Inventory:

Hand Weapons
 a - a +0 trident (weapon)
Missiles
 d - 3 throwing nets (quivered)
Armour
 b - a +0 leather armour (melded)
 c - a +0 helmet (melded)
 h - a +0 pair of gloves (melded)
Scrolls
 f - a scroll of noise {unknown}
 g - 2 scrolls of recharging {unknown}
 j - a scroll of random uselessness {unknown}
 k - 3 scrolls of fog {unknown}
 m - a scroll of remove curse {unknown}
 n - 2 scrolls of identify {unknown}
 v - a scroll of immolation {unknown}
Comestibles
 e - 2 bread rations
 p - 4 meat rations
 q - a fruit


   Skills:
 + Level 3.4 Fighting
 + Level 4.7 Polearms
 + Level 1.7 Throwing
 + Level 3.6 Armour
 + Level 4.2 Dodging
 + Level 0.3 Stealth


You had 5 spell levels left.
You didn't know any spells.

Dungeon Overview and Level Annotations

Branches:
Dungeon (4/15)             Temple (1/1) D:4

Altars:
Cheibriados
Dithmenos
Elyvilon
Fedhas
Gozag
Kikubaaqudgha
Makhleb
Nemelex Xobeh
Okawaru
Ru
Sif Muna
Xom
Yredelemnul


Message History

Your +0 leather armour melds into your body.
Your roots penetrate the ground.
Something hits you but does no damage.
The orc priest shouts, "Beogh is our master!
Accept the truth or die!"
Drink which item? (? for menu, Esc to quit)
Okay, then.
There are monsters nearby!
Drink which item? (? for menu, Esc to quit)
It was a potion of flight.
Your roots keep you in place.
The orc priest threatens, "By the altar or by the axe, you will meet Beogh!"
The orc priest hits you but does no damage.
Drink which item? (? for menu, Esc to quit)
It was a potion of might.
You feel very mighty all of a sudden. Something hits you but does no damage.
Drink which item? (? for menu, Esc to quit)
It was a potion of degeneration.
There was something very wrong with that liquid.
You feel dopey. The orc priest hits you with a mace.
You die...

### ###
##.############.#
#...#.........{♣#
#..##.#########o#
#..##.# #o#
#..##'##### #o#
#.........# #.#
#.........# #.#
#.........# #.#
##..##.##### ...
............ .>.


You could see an orc priest and 2 orcs.

Vanquished Creatures
  A scorpion (D:4)
  An orc priest (D:4)
  A hound (D:4)
  3 orc wizards
  A hound skeleton (D:4)
  3 adders
  An ooze (D:4)
  An adder skeleton (D:4)
  6 worms
  5 giant geckos
  14 orcs
  A ball python (D:1)
  9 bats
  5 giant cockroaches
  11 hobgoblins
  3 quokkas
  8 giant newts
  8 goblins
  10 jackals
  6 kobolds
  5 rats
103 creatures vanquished.

Vanquished Creatures (others)
  An orc wizard (D:4)
1 creature vanquished.

Grand Total: 104 creatures vanquished

Notes
Turn   | Place    | Note
--------------------------------------------------------------
     0 | D:1      | Eldritch the Hill Orc Gladiator began the quest for the Orb.
     0 | D:1      | Reached XP level 1. HP: 18/18 MP: 1/1
    63 | D:1      | Reached XP level 2. HP: 8/25 MP: 2/2
   719 | D:1      | Reached XP level 3. HP: 27/30 MP: 3/3
  1129 | D:2      | Reached skill level 1 in Armour
  1489 | D:2      | Found a basalt altar of Yredelemnul.
  1901 | D:3      | Reached XP level 4. HP: 37/37 MP: 4/4
  2852 | D:3      | Reached skill level 4 in Polearms
  2852 | D:3      | Reached XP level 5. HP: 33/44 MP: 5/5
  3302 | D:4      | Reached XP level 6. HP: 37/51 MP: 6/6
  3854 | D:4      | Found a staircase to the Ecumenical Temple.
  3918 | Temple   | Entered the Ecumenical Temple
  3968 | Temple   | Became a worshipper of Makhleb the Destroyer
  4607 | D:4      | HP: 1/51 [orc priest/mace (3)]
  4611 | D:4      | Slain by an orc priest

Vault maps used:
D:1:      lemuel_arrival_tunnels, minmay_quantized
D:2:      yredelemnul_altar_generic, first_bread, roderic_whirl
D:4:      minmay_temple_entry_butterflies, hangedman_decor_points
Temple:   jpeg_temple_clearing_12

Action                   |  1- 3 |  4- 6 || total
-------------------------+-------+-------++-------
Melee: Trident           |   190 |   259 ||   449
  Use: Potion            |       |    11 ||    11
 Stab: Sleeping          |     1 |     1 ||     2
  Eat: Pizza             |     1 |       ||     1
       Beef jerky        |     1 |       ||     1
       Bread ration      |       |     1 ||     1
       Meat ration       |       |     1 ||     1
